[Event "Sunday 01 April Rapid Engine Tour 12+1 Rounds 9 Starts 1600ST"]
[Site "Infinity Chess"]
[Date "2018.4.1"]
[Round "6"]
[White "Thinker"]
[Black "Brtroy"]
[Result "1/2-1/2"]
[ECO "C50"]
[WhiteElo "2457"]
[BlackElo "2501"]
[WhiteEngine "BrainFish_180329_x64_modern_CTG"]
[BlackEngine "BrainFish_180329_x64_bmi2_CTG"]
[EventType "Swiss"]
[WhiteTeam ""]
[BlackTeam ""]
[PlyCount "98"]
[TimeControl "720+1"]

1. e4 e5 2. Nf3 Nc6 3. Bc4 Bc5 4. O-O Nf6 5. d3 a5 6. c3 d6 7. Re1 Ba7 8. a4 O-O 
9. h3 h6 10. Nbd2 Be6 11. Bxe6 fxe6 12. Nc4 Qd7 13. Be3 Bxe3 14. Rxe3 b6 
15. Rc1 Rad8 16. Qb3 Nh5 17. Qb5 Nf4 18. Ncd2 g5 19. Kh2 Ng6 20. g3 Rf7 
21. Kg2 Rdf8 22. Rf1 Rg7 23. Kh1 Rgf7 24. Nh2 Nd8 25. Kg2 Nb7 26. Nhf3 Qe7 
27. Nh2 Qd7 28. Nb3 Kg7 29. Nf3 Qxb5 30. axb5 Nc5 31. Nbd2 Na4 32. Rc1 h5 
33. b3 Nc5 34. d4 exd4 35. cxd4 g4 36. dxc5 gxf3+ 37. Nxf3 dxc5 38. h4 Rd7 
39. Ng5 Kf6 40. f4 Rfd8 41. Rf1 Rd2+ 42. Rf2 Rxf2+ 43. Kxf2 Rd2+ 44. Ke1 Rd4 
45. Kf2 Ne7 46. Nh7+ Kg7 47. Ng5 Kf6 48. Nh7+ Kg7 49. Ng5 Kf6 1/2-1/2

[Event "Sunday 01 April Rapid Engine Tour 12+1 Rounds 9 Starts 1600ST"]
[Site "Infinity Chess"]
[Date "2018.4.1"]
[Round "6"]
[White "fati64"]
[Black "MCDermont"]
[Result "1/2-1/2"]
[ECO "C11"]
[WhiteElo "2462"]
[BlackElo "2514"]
[WhiteEngine "BrainFish_180329_x64"]
[BlackEngine "BrainFish 290318_CTG"]
[EventType "Swiss"]
[WhiteTeam ""]
[BlackTeam ""]
[PlyCount "140"]
[TimeControl "720+1"]

1. e4 e6 2. d4 d5 3. Nc3 Nf6 4. e5 Nfd7 5. f4 c5 6. Nf3 Nc6 7. Be3 cxd4 
8. Nxd4 Qb6 9. Qd2 Qxb2 10. Rb1 Qa3 11. Bb5 Nxd4 12. Bxd4 a6 13. Bxd7+ Bxd7 
14. Rb3 Qe7 15. Rxb7 Rc8 16. O-O Qd8 17. Qf2 Rxc3 18. Bxc3 Qc8 19. Rb3 Ba4 
20. Bd4 Bxb3 21. axb3 Be7 22. c3 O-O 23. b4 Qc6 24. Ra1 Bd8 25. h4 Bc7 
26. Kh2 Ra8 27. h5 h6 28. Qf1 Bd8 29. Qb1 Qb7 30. g3 Bb6 31. Bxb6 Qxb6 
32. Qd3 a5 33. Rxa5 Rxa5 34. bxa5 Qxa5 35. Kg2 Qc5 36. Kf1 Qc6 37. Kg1 Qb6+ 
38. Kg2 Qb2+ 39. Kh3 Kh8 40. c4 dxc4 41. Qxc4 Qb7 42. Kg4 Qb2 43. Qd3 Qb7 
44. Qc2 Qb6 45. Qc8+ Kh7 46. Qd7 Qb2 47. Qxf7 Qe2+ 48. Kh3 Qf1+ 49. Kh2 Kh8 
50. g4 Qf2+ 51. Kh3 Qf3+ 52. Kh4 Qe3 53. g5 hxg5+ 54. fxg5 Qe1+ 55. Kg4 Qe4+ 
56. Qf4 Qg2+ 57. Qg3 Qe4+ 58. Qf4 Qg2+ 59. Qg3 Qh1 60. Qf3 Qg1+ 61. Kh3 Qxg5 
62. Qf7 Qxe5 63. Qe8+ Kh7 64. Qg6+ Kh8 65. Kg4 Qd4+ 66. Kg5 e5 67. Qe8+ Kh7 
68. Qg6+ Kh8 69. Qe8+ Kh7 70. Qg6+ Kh8 1/2-1/2

[Event "Sunday 01 April Rapid Engine Tour 12+1 Rounds 9 Starts 1600ST"]
[Site "Infinity Chess"]
[Date "2018.4.1"]
[Round "6"]
[White "Eman"]
[Black "Murx"]
[Result "1/2-1/2"]
[ECO "C77"]
[WhiteElo "2517"]
[BlackElo "2469"]
[WhiteEngine "Eman 1.70-beta12 64-bit POPCNT"]
[BlackEngine "BrainFish_180329_x64_modern"]
[EventType "Swiss"]
[WhiteTeam ""]
[BlackTeam ""]
[PlyCount "139"]
[TimeControl "720+1"]

1. e4 e5 2. Nf3 Nc6 3. Bb5 a6 4. Ba4 Nf6 5. O-O Be7 6. Re1 b5 7. Bb3 O-O 
8. a4 b4 9. a5 d6 10. d3 Be6 11. Bxe6 fxe6 12. Nbd2 Qe8 13. Nc4 Rb8 14. h3 Nd7 
15. c3 Bf6 16. Qc2 Rb5 17. Be3 d5 18. exd5 exd5 19. Ncd2 bxc3 20. bxc3 Rb8 
21. Qa4 Qe6 22. c4 dxc4 23. Ne4 cxd3 24. Rac1 Rb5 25. Red1 Nd4 26. Nxd4 exd4 
27. Nxf6+ Rxf6 28. Qxd4 Rd5 29. Qa7 c5 30. Rc3 Rg6 31. Qa8+ Kf7 32. Rdxd3 Rxg2+ 
33. Kxg2 Qg6+ 34. Kh2 Rxd3 35. Rxd3 Qxd3 36. Qc6 h6 37. Bxc5 Nxc5 38. Qxc5 Kg8 
39. Qc8+ Kf7 40. Qc7+ Kf8 41. Qe5 Kf7 42. Qf4+ Ke6 43. Kg1 Qd1+ 44. Kg2 Qd5+ 
45. Kg1 h5 46. Qe3+ Kf5 47. Qe2 Qxa5 48. Qxh5+ g5 49. Qd1 Qc3 50. Qd7+ Kf6 
51. Qd8+ Kf5 52. Qd5+ Qe5 53. Qd7+ Ke4 54. Qh7+ Qf5 55. Qe7+ Kd3 56. Qb4 Ke2 
57. Qb2+ Kd1 58. Qb3+ Ke2 59. Qb2+ Kd1 60. Qb3+ Kc1 61. Qe3+ Kd1 62. Qc3 Ke2 
63. Qe3+ Kd1 64. f3 Qxh3 65. Qd3+ Kc1 66. Qc4+ Kb1 67. Qxa6 Qxf3 68. Qb5+ Ka1 
69. Qf1+ Qxf1+ 70. Kxf1 1/2-1/2

[Event "Sunday 01 April Rapid Engine Tour 12+1 Rounds 9 Starts 1600ST"]
[Site "Infinity Chess"]
[Date "2018.4.1"]
[Round "6"]
[White "angriff"]
[Black "Susanne"]
[Result "1/2-1/2"]
[ECO "B32"]
[WhiteElo "2386"]
[BlackElo "2531"]
[WhiteEngine "DracoREX 3.07 64BIT POPCNT_CTG"]
[BlackEngine "stockfish_jv_x64_bmi2_CTG"]
[EventType "Swiss"]
[WhiteTeam ""]
[BlackTeam ""]
[PlyCount "94"]
[TimeControl "720+1"]

1. e4 c5 2. Nf3 Nc6 3. d4 cxd4 4. Nxd4 e5 5. Nb5 d6 6. N1c3 a6 7. Na3 b5 
8. Nd5 Nf6 9. Bg5 Be7 10. Bxf6 Bxf6 11. c3 Rb8 12. Nc2 Bg5 13. a4 bxa4 
14. Ncb4 Nxb4 15. Nxb4 Bd7 16. Bxa6 Qa5 17. Qxd6 Rb6 18. Qd3 Be6 19. O-O O-O 
20. Bc4 Rd8 21. Bd5 Bxd5 22. Nxd5 Rxb2 23. c4 Ra8 24. Qg3 h6 25. h4 Bd2 
26. Qa3 Rb3 27. Qa2 Bc3 28. Qxb3 Bxa1 29. Ne7+ Kf8 30. Ng6+ fxg6 31. Qa3+ Kg8 
32. Rxa1 Qd2 33. c5 Qd4 34. c6 Qxe4 35. Qd6 Qd4 36. Qxd4 exd4 37. c7 d3 
38. Rxa4 Rc8 39. Rd4 Rxc7 40. Rxd3 Rc4 41. g3 g5 42. hxg5 hxg5 43. f3 g4 
44. fxg4 Rxg4 45. Rd8+ Kf7 46. Kh2 g6 47. Rd7+ Ke6 1/2-1/2

[Event "Sunday 01 April Rapid Engine Tour 12+1 Rounds 9 Starts 1600ST"]
[Site "Infinity Chess"]
[Date "2018.4.1"]
[Round "6"]
[White "xeonrocks"]
[Black "KQRBNP"]
[Result "1/2-1/2"]
[ECO "B90"]
[WhiteElo "2542"]
[BlackElo "2405"]
[WhiteEngine "Stockfish_x64_bmi2_CTG"]
[BlackEngine "Eman 1.70-beta12 64-bit POPCNT"]
[EventType "Swiss"]
[WhiteTeam ""]
[BlackTeam ""]
[PlyCount "108"]
[TimeControl "720+1"]

1. e4 c5 2. Nf3 d6 3. d4 cxd4 4. Nxd4 Nf6 5. Nc3 a6 6. Be3 e5 7. Nb3 Be6 
8. f3 Be7 9. Qd2 Nbd7 10. g4 O-O 11. O-O-O b5 12. g5 Nh5 13. Kb1 Nb6 14. Na5 Rc8 
15. Nd5 Nxd5 16. exd5 Bxd5 17. Qxd5 Qxa5 18. c4 Rb8 19. Bd3 Qd8 20. cxb5 Bxg5 
21. Bxg5 Qxg5 22. bxa6 Nf4 23. Qxd6 Rfd8 24. a7 Ra8 25. Qa6 Nxd3 26. Rxd3 Qf5 
27. Rhd1 g5 28. Qc4 Rxa7 29. Qe4 Rxd3 30. Rxd3 Qf4 31. Qxf4 exf4 32. b4 f5 
33. h3 h5 34. Kb2 Kf7 35. Rd1 Ke6 36. Kb3 Rd7 37. Re1+ Kd6 38. Rd1+ Ke6 
39. Re1+ Kd6 40. Rf1 Rg7 41. a4 g4 42. h4 Kc6 43. a5 Re7 44. fxg4 hxg4 
45. Rxf4 Rf7 46. Kc2 g3 47. Kd3 g2 48. Rc4+ Kb5 49. Rc1 f4 50. Ke2 f3+ 
51. Kf2 Rf4 52. h5 Rh4 53. Kxf3 g1=Q 54. Rxg1 Rxh5 1/2-1/2

[Event "Sunday 01 April Rapid Engine Tour 12+1 Rounds 9 Starts 1600ST"]
[Site "Infinity Chess"]
[Date "2018.4.1"]
[Round "6"]
[White "MarioDeMonti"]
[Black "Prometheus"]
[Result "1/2-1/2"]
[ECO "C53"]
[WhiteElo "2493"]
[BlackElo "2454"]
[WhiteEngine "stockfish_x64_bmi2_2018_02_18_CTG"]
[BlackEngine "Eman 1.70-beta11 64-bit BMI2"]
[EventType "Swiss"]
[WhiteTeam ""]
[BlackTeam ""]
[PlyCount "125"]
[TimeControl "720+1"]

1. e4 e5 2. Nf3 Nc6 3. Bc4 Bc5 4. c3 Nf6 5. d3 d6 6. O-O O-O 7. h3 a5 8. Nbd2 h6 
9. Re1 Be6 10. Bb5 Qb8 11. Nf1 Qa7 12. Re2 a4 13. Ng3 Qa5 14. Bxc6 bxc6 
15. Nh4 Rfe8 16. Re1 d5 17. exd5 cxd5 18. Rxe5 Bf8 19. Qc2 c5 20. Bd2 Nd7 
21. Re2 c4 22. d4 a3 23. bxa3 Qxa3 24. Nf3 Reb8 25. Be3 Qa4 26. Qd2 Ra6 
27. Bf4 Rb7 28. Ne5 Nf6 29. f3 Rab6 30. Ng4 Nxg4 31. fxg4 Ba3 32. Nh5 Rb1+ 
33. Rxb1 Rxb1+ 34. Re1 Rb2 35. Qe3 Be7 36. Qg3 Qc2 37. g5 Rxa2 38. g6 Qxg6 
39. Qxg6 fxg6 40. Rxe6 Kf7 41. Nxg7 Bf8 42. Re5 Kxg7 43. Rxd5 Rc2 44. Rd7+ Kf6 
45. Rd8 Be7 46. Rg8 h5 47. Be5+ Kf5 48. g4+ hxg4 49. hxg4+ Kxg4 50. Rxg6+ Kf5 
51. Rg3 Ke6 52. Rh3 Bg5 53. Kf1 Kd5 54. Rg3 Bd2 55. Rg2 Rc1+ 56. Ke2 Bxc3 
57. Rg5 Re1+ 58. Kf3 Rf1+ 59. Ke2 Rh1 60. Bg7+ Kd6 61. Kf3 Ba1 62. Rc5 Bxd4 
63. Bxd4 1/2-1/2

[Event "Sunday 01 April Rapid Engine Tour 12+1 Rounds 9 Starts 1600ST"]
[Site "Infinity Chess"]
[Date "2018.4.1"]
[Round "6"]
[White "IronMan"]
[Black "CoffeeOne"]
[Result "1/2-1/2"]
[ECO "A04"]
[WhiteElo "2451"]
[BlackElo "2506"]
[WhiteEngine "Eman 1.70-beta11 64-bit BMI2"]
[BlackEngine "Houdini 6"]
[EventType "Swiss"]
[WhiteTeam ""]
[BlackTeam ""]
[PlyCount "116"]
[TimeControl "720+1"]

1. Nf3 c5 2. e4 d6 3. d4 cxd4 4. Nxd4 Nf6 5. Nc3 a6 6. Be3 e5 7. Nb3 Be6 
8. f3 Be7 9. Qd2 Nbd7 10. g4 O-O 11. O-O-O b5 12. g5 Nh5 13. Kb1 Nb6 
14. Nd5 Nxd5 15. exd5 Bf5 16. Na5 f6 17. h4 Ng3 18. Nc6 Qd7 19. Rg1 Nxf1 
20. Rdxf1 fxg5 21. hxg5 Bg6 22. Rf2 Rf5 23. Rgf1 Re8 24. b3 Bd8 25. Kb2 Bh5 
26. a3 Bf7 27. f4 exf4 28. Rxf4 Rxf4 29. Bxf4 Qf5 30. Nxd8 Rxd8 31. Re1 Bxd5 
32. Re7 h5 33. gxh6 Qf6+ 34. Kb1 Qxe7 35. Qxd5+ Kh8 36. hxg7+ Kxg7 37. Bg5 Qe1+ 
38. Kb2 Re8 39. Bd2 Qe6 40. Bc3+ Kg6 41. Qc6 d5 42. Qc7 Rc8 43. Qg3+ Kf7 
44. Qg7+ Ke8 45. Qh8+ Kd7 46. Qh7+ Qe7 47. Qf5+ Kc7 48. Qxd5 Re8 49. Ba5+ Kb8 
50. Qc6 Rc8 51. Qxa6 Qg7+ 52. c3 Qg2+ 53. Ka1 Qh1+ 54. Ka2 Qc6 55. Qxc6 Rxc6 
56. Kb2 Rd6 57. a4 bxa4 58. bxa4 Ra6 1/2-1/2

[Event "Sunday 01 April Rapid Engine Tour 12+1 Rounds 9 Starts 1600ST"]
[Site "Infinity Chess"]
[Date "2018.4.1"]
[Round "5"]
[White "Marsell"]
[Black "hafaba"]
[Result "1/2-1/2"]
[ECO "C55"]
[WhiteElo "2446"]
[BlackElo "2393"]
[WhiteEngine "asmFishW_2018-03-16_bmi2"]
[BlackEngine "DracoREX 3.07 64BIT POPCNT"]
[EventType "Swiss"]
[WhiteTeam ""]
[BlackTeam ""]
[PlyCount "138"]
[TimeControl "720+1"]

1. e4 e5 2. Nf3 Nc6 3. Bc4 Nf6 4. d3 Bc5 5. c3 d6 6. O-O a5 7. Bg5 h6 8. Bh4 O-O 
9. Nbd2 Kh7 10. Re1 Ba7 11. Nf1 a4 12. Bb5 a3 13. bxa3 g5 14. Bg3 Ne7 15. d4 Ng6 
16. Bd3 Be6 17. Rc1 Bxa2 18. dxe5 dxe5 19. Nxe5 Be6 20. Nf3 Nh5 21. e5 Kg7 
22. Qc2 Bb6 23. a4 Qd7 24. Bb5 Qe7 25. Ne3 c6 26. Bd3 Bxe3 27. Rxe3 c5 
28. Rb1 Rfd8 29. h4 Rxd3 30. Qxd3 gxh4 31. Bh2 Rxa4 32. Qd6 b6 33. Qxb6 Rg4 
34. Kh1 Nhf4 35. Bxf4 Nxf4 36. Qd6 Qa7 37. Qd8 Nxg2 38. Rb8 Qxb8 39. Qxb8 Nxe3 
40. fxe3 Bd5 41. Kh2 Bxf3 42. Qd6 Rg6 43. Qxc5 Bg4 44. Qd4 Kh7 45. Qf4 Kg7 
46. e6 Bxe6 47. Qxh4 Rg4 48. Qe7 h5 49. c4 Bxc4 50. Qd8 Be6 51. Qb6 Rh4+ 
52. Kg1 Rg4+ 53. Kh2 h4 54. Qb2+ Kg6 55. Qe5 h3 56. Qb8 Rg2+ 57. Kh1 Rd2 
58. Qg3+ Kh7 59. e4 Rg2 60. Qd3 Rg5 61. e5+ Kg7 62. Kh2 Rg2+ 63. Kh1 Rg6 
64. Qd8 h2 65. Kxh2 Bf5 66. e6 Bxe6 67. Qa8 Rh6+ 68. Kg1 Rf6 69. Qa1 Kg6 1/2-1/2

[Event "Sunday 01 April Rapid Engine Tour 12+1 Rounds 9 Starts 1600ST"]
[Site "Infinity Chess"]
[Date "2018.4.1"]
[Round "5"]
[White "Longin"]
[Black "star99"]
[Result "1/2-1/2"]
[ECO "C42"]
[WhiteElo "2454"]
[BlackElo "2408"]
[WhiteEngine "Raubfisch ME262_GTZ16f_CTG"]
[BlackEngine "Cryptic Heroes 9.2B"]
[EventType "Swiss"]
[WhiteTeam ""]
[BlackTeam ""]
[PlyCount "90"]
[TimeControl "720+1"]

1. e4 e5 2. Nf3 Nf6 3. Nxe5 d6 4. Nf3 Nxe4 5. d4 d5 6. Bd3 Nc6 7. O-O Be7 
8. c4 Nf6 9. Nc3 O-O 10. Re1 Be6 11. c5 Bg4 12. Be2 Ne4 13. Be3 Bf6 14. h3 Bh5 
15. Qb3 Nxc3 16. Qxc3 Re8 17. b4 a6 18. a4 Qc8 19. b5 Ne7 20. bxa6 bxa6 
21. g4 Bg6 22. c6 Be4 23. Nd2 h6 24. Bf4 Ng6 25. Bg3 Bh4 26. Bf1 Qd8 
27. Nxe4 dxe4 28. Ra2 Bxg3 29. fxg3 Ne7 30. Rxe4 Nd5 31. Rxe8+ Qxe8 32. Qa3 Qxc6 
33. Qc5 Qb7 34. Rf2 c6 35. Kh2 Re8 36. Bg2 Re6 37. a5 g6 38. Bh1 Kg7 39. Bg2 Ne3 
40. Bf3 Qb5 41. Be2 Qb8 42. Qb6 Qd6 43. Qc5 Qb8 44. Qb6 Qd6 45. Qc5 Qb8 1/2-1/2

[Event "Sunday 01 April Rapid Engine Tour 12+1 Rounds 9 Starts 1600ST"]
[Site "Infinity Chess"]
[Date "2018.4.1"]
[Round "5"]
[White "ocirema"]
[Black "SkyPilot"]
[Result "1/2-1/2"]
[ECO "A53"]
[WhiteElo "2432"]
[BlackElo "2481"]
[WhiteEngine "asmFishW_2018-03-23_popcnt"]
[BlackEngine "stockfish_x64_bmi2_2018_03_26_CTG"]
[EventType "Swiss"]
[WhiteTeam ""]
[BlackTeam ""]
[PlyCount "153"]
[TimeControl "720+1"]

1. d4 Nf6 2. c4 d6 3. Nc3 g6 4. Nf3 Bg7 5. g3 c6 6. Bg2 Nbd7 7. e4 e5 8. O-O O-O 
9. h3 Qb6 10. c5 dxc5 11. dxe5 Ne8 12. Na4 Qa6 13. Be3 b6 14. e6 fxe6 
15. Nc3 Rb8 16. Re1 c4 17. Re2 Qb7 18. Rd2 Qc7 19. h4 Nef6 20. Bh3 Re8 
21. Qe2 b5 22. Ng5 Ne5 23. f4 b4 24. fxe5 Qxe5 25. Nd1 Qxg3+ 26. Qg2 Qxg2+ 
27. Rxg2 h6 28. e5 Nd5 29. Ne4 Kh7 30. Nf6+ Nxf6 31. exf6 Bxf6 32. Rc1 Rd8 
33. Rf2 Bg7 34. Bf1 Ba6 35. Rf7 Kg8 36. Rxa7 Ra8 37. Rxa8 Rxa8 38. Bxc4 Bxc4 
39. Rxc4 Rxa2 40. Kf2 b3 41. Bd4 Ra1 42. Ke2 Bxd4 43. Rxd4 Rc1 44. Rb4 h5 
45. Rxb3 Rc4 46. Rh3 e5 47. b3 Rd4 48. Ne3 Kf7 49. Rf3+ Ke6 50. Rg3 Kf6 
51. Ng2 c5 52. Rc3 Re4+ 53. Kf1 Rb4 54. Kf2 g5 55. hxg5+ Kxg5 56. Ne1 Kf5 
57. Nd3 Rd4 58. Nxc5 h4 59. Ke2 e4 60. Re3 Rb4 61. Kd2 Kf4 62. Ne6+ Kf5 
63. Kc3 Rb5 64. Nd4+ Kf4 65. Rh3 Rh5 66. Kd2 Rh8 67. Ke2 Kg4 68. Re3 Kf4 
69. Kf2 h3 70. Ne2+ Ke5 71. Nc3 h2 72. Nxe4 h1=Q 73. Ng3+ Kd4 74. Nxh1 Rh2+ 
75. Ke1 Kxe3 76. Ng3 Ra2 77. Nf1+ 1/2-1/2

[Event "Sunday 01 April Rapid Engine Tour 12+1 Rounds 9 Starts 1600ST"]
[Site "Infinity Chess"]
[Date "2018.4.1"]
[Round "5"]
[White "AHGST"]
[Black "KhalidOmar"]
[Result "1/2-1/2"]
[ECO "A13"]
[WhiteElo "2365"]
[BlackElo "2445"]
[WhiteEngine "komodo-11.3.1-64bit-BMI2"]
[BlackEngine "Eman 1.70-beta12 64-bit BMI2"]
[EventType "Swiss"]
[WhiteTeam ""]
[BlackTeam ""]
[PlyCount "125"]
[TimeControl "720+1"]

1. c4 e6 2. d4 d5 3. Nc3 c6 4. Nf3 Nf6 5. e3 Nbd7 6. Qc2 Bd6 7. Bd3 O-O 
8. O-O dxc4 9. Bxc4 b5 10. Be2 a6 11. e4 e5 12. h3 Re8 13. Be3 exd4 14. Nxd4 Qc7 
15. Rac1 g6 16. Nf3 Bb7 17. Rfd1 Rad8 18. a3 Qb8 19. Ba7 Qc7 20. Be3 Bf4 
21. Bxf4 Qxf4 22. Qd2 Qb8 23. Qd6 c5 24. e5 Nh5 25. Qxb8 Nxb8 26. g3 Nc6 
27. Rxd8 Rxd8 28. Rd1 Rxd1+ 29. Bxd1 Bc8 30. Kh2 Kf8 31. a4 b4 32. Nd5 Bb7 
33. Nb6 Ke7 34. Be2 Ng7 35. Nc4 Ne6 36. Nd6 Ba8 37. Bxa6 Nxe5 38. Nc8+ Kf6 
39. Nd2 Nd4 40. f4 Ndf3+ 41. Nxf3 Nxf3+ 42. Kg2 Nd2+ 43. Kf2 Ne4+ 44. Ke3 Nxg3 
45. Bc4 Bg2 46. a5 Bxh3 47. Nb6 Nf5+ 48. Kf2 Nd4 49. Nd5+ Ke6 50. a6 Nc6 
51. Nxb4+ Kd6 52. Nxc6 Kxc6 53. Bxf7 Kb6 54. Bg8 h5 55. Kg3 Bg4 56. Bd5 Kxa6 
57. Bf7 Bf5 58. Kh4 Bd3 59. Kg5 c4 60. Bxg6 Bxg6 61. Kxg6 h4 62. f5 c3 63. bxc3 
1/2-1/2

[Event "Sunday 01 April Rapid Engine Tour 12+1 Rounds 9 Starts 1600ST"]
[Site "Infinity Chess"]
[Date "2018.4.1"]
[Round "5"]
[White "Mr Aj"]
[Black "KULLANI"]
[Result "1/2-1/2"]
[ECO "A06"]
[WhiteElo "2457"]
[BlackElo "2448"]
[WhiteEngine "Houdini 6"]
[BlackEngine "BrainFish_180329_x64"]
[EventType "Swiss"]
[WhiteTeam ""]
[BlackTeam ""]
[PlyCount "140"]
[TimeControl "720+1"]

1. Nf3 d5 2. d4 Nf6 3. c4 e6 4. e3 b6 5. b3 Bb7 6. Bb2 Nbd7 7. Bd3 Bd6 
8. O-O O-O 9. Nbd2 Qe7 10. Qc2 c5 11. dxc5 Nxc5 12. Bxf6 gxf6 13. Bxh7+ Kg7 
14. cxd5 Rh8 15. Bd3 Bxd5 16. Bc4 Bb7 17. Rfd1 Rac8 18. Rac1 Na6 19. a4 Nb4 
20. Qb2 Nc6 21. Qb1 Ne5 22. Nxe5 Bxe5 23. h3 f5 24. Be2 Rcd8 25. Nf3 Bd6 
26. Ne1 a5 27. Rc2 Bb4 28. Rxd8 Rxd8 29. Nd3 Bd6 30. Rd2 Qg5 31. Qb2+ Qf6 
32. Rd1 Be4 33. Kf1 Rc8 34. Qxf6+ Kxf6 35. Nb2 Bc5 36. Rc1 Rb8 37. Nc4 e5 
38. Bf3 Bd3+ 39. Kg1 Bxc4 40. bxc4 e4 41. Be2 f4 42. exf4 e3 43. Kf1 exf2 
44. Rd1 Re8 45. g3 Kg6 46. Rd5 f5 47. Re5 Rxe5 48. fxe5 Kf7 49. g4 Ke6 
50. h4 fxg4 51. Bxg4+ Kxe5 52. Bc8 Kf4 53. Bd7 Be3 54. Bc8 Kf3 55. Be6 Kf4 
56. Bd7 Bd4 57. h5 Kg5 58. Be8 Kf4 59. Bd7 Ke4 60. h6 Kd3 61. h7 Kxc4 
62. Ke2 Kd5 63. Bf5 b5 64. axb5 a4 65. b6 Kc6 66. Be6 Kxb6 67. h8=Q Bxh8 
68. Kxf2 Bd4+ 69. Ke2 a3 70. Kd3 Be5 1/2-1/2

[Event "Sunday 01 April Rapid Engine Tour 12+1 Rounds 9 Starts 1600ST"]
[Site "Infinity Chess"]
[Date "2018.4.1"]
[Round "5"]
[White "fati64"]
[Black "Thinker"]
[Result "1/2-1/2"]
[ECO "C53"]
[WhiteElo "2462"]
[BlackElo "2457"]
[WhiteEngine "BrainFish_180329_x64"]
[BlackEngine "BrainFish_180329_x64_modern_CTG"]
[EventType "Swiss"]
[WhiteTeam ""]
[BlackTeam ""]
[PlyCount "132"]
[TimeControl "720+1"]

1. e4 e5 2. Nf3 Nc6 3. Bc4 Bc5 4. c3 Nf6 5. d3 d6 6. O-O O-O 7. Bg5 h6 8. Bh4 a5 
9. Nbd2 g5 10. Bg3 Ba7 11. Bb3 Be6 12. a4 Nd7 13. Bxe6 fxe6 14. Qb3 Nc5 
15. Qb5 g4 16. Nh4 Bb6 17. Qc4 Qd7 18. d4 exd4 19. cxd4 Na6 20. Nb3 Rae8 
21. Rad1 Nab4 22. e5 dxe5 23. dxe5 Qg7 24. Nd2 Rf7 25. Rfe1 Nd5 26. Qb5 Nf4 
27. Nc4 Nd5 28. Nxb6 cxb6 29. Re4 h5 30. Qe2 Qh7 31. f3 gxf3 32. Nxf3 Qg6 
33. Kh1 Ref8 34. Rg1 Ncb4 35. Nd4 Na6 36. Rh4 Rh7 37. Bf2 Rg7 38. g3 Nab4 
39. Nb5 Qf7 40. Rg2 Rg5 41. Re4 Nc6 42. Nd6 Qg7 43. Bg1 Rg4 44. Rf2 Qg6 
45. Rc4 Qg7 46. Rxg4 hxg4 47. Rxf8+ Kxf8 48. Nc4 Qg6 49. Nxb6 Nxb6 50. Bxb6 Kg8 
51. Kg2 Qf5 52. b3 Kh7 53. Qe3 Nxe5 54. Bxa5 Nf3 55. Bd2 e5 56. Qh6+ Kg8 
57. a5 Kf7 58. Qd6 Qe4 59. Qd7+ Kf6 60. Kf2 Nxh2 61. Qd8+ Kf7 62. Qd7+ Kf6 
63. Qd6+ Kf7 64. Qc7+ Ke6 65. Qc8+ Kf7 66. Qd7+ Kf6 1/2-1/2

[Event "Sunday 01 April Rapid Engine Tour 12+1 Rounds 9 Starts 1600ST"]
[Site "Infinity Chess"]
[Date "2018.4.1"]
[Round "5"]
[White "Murx"]
[Black "Brtroy"]
[Result "1/2-1/2"]
[ECO "C50"]
[WhiteElo "2468"]
[BlackElo "2502"]
[WhiteEngine "BrainFish_180329_x64_modern"]
[BlackEngine "BrainFish_180329_x64_bmi2_CTG"]
[EventType "Swiss"]
[WhiteTeam ""]
[BlackTeam ""]
[PlyCount "145"]
[TimeControl "720+1"]

1. e4 e5 2. Nf3 Nc6 3. Bc4 Bc5 4. O-O Nf6 5. d3 a5 6. c3 d6 7. Re1 Ba7 
8. Nbd2 O-O 9. h3 Be6 10. Bb5 Ne7 11. d4 Ng6 12. Ba4 Bd7 13. Bc2 Re8 14. Nf1 a4 
15. Ng3 h6 16. Be3 b5 17. b3 axb3 18. axb3 Bb6 19. Rxa8 Qxa8 20. Qc1 Qc6 
21. Bd3 exd4 22. Nxd4 Qb7 23. Bb1 Qa8 24. Bd3 d5 25. Nxb5 dxe4 26. Bc4 Bxe3 
27. Qxe3 Qb8 28. Nd4 Ne5 29. Ndf5 Bxf5 30. Nxf5 Qc8 31. Ng3 Nxc4 32. bxc4 Qe6 
33. Qd4 Qe5 34. Qxe5 Rxe5 35. f3 e3 36. Nf1 e2 37. Ng3 Rc5 38. Nxe2 Rxc4 
39. Kf2 Nd5 40. Ra1 g6 41. Ke1 Rc6 42. g3 Kg7 43. g4 Kf6 44. h4 Re6 45. Kf2 Rc6 
46. Ke1 Rc5 47. Kd2 Ke6 48. Ra7 Kf6 49. Kd3 Ke5 50. Ra4 Kd6 51. Ra8 Nf6 
52. Ra6+ Rc6 53. Rxc6+ Kxc6 54. Kd4 Kd6 55. c4 Nd7 56. f4 Nf6 57. g5 hxg5 
58. c5+ Kc6 59. hxg5 Nd7 60. Kc4 Nxc5 61. Nd4+ Kb6 62. Kd5 Nd3 63. Ke4 Ne1 
64. f5 c5 65. fxg6 fxg6 66. Ne6 c4 67. Nf4 c3 68. Kd4 c2 69. Ne2 c1=Q 
70. Nxc1 Nf3+ 71. Kd5 Kb5 72. Ne2 Nxg5 73. Nf4 1/2-1/2

[Event "Sunday 01 April Rapid Engine Tour 12+1 Rounds 9 Starts 1600ST"]
[Site "Infinity Chess"]
[Date "2018.4.1"]
[Round "5"]
[White "xeonrocks"]
[Black "Susanne"]
[Result "1/2-1/2"]
[ECO "B30"]
[WhiteElo "2543"]
[BlackElo "2530"]
[WhiteEngine "Stockfish_x64_bmi2_CTG"]
[BlackEngine "stockfish_jv_x64_bmi2_CTG"]
[EventType "Swiss"]
[WhiteTeam ""]
[BlackTeam ""]
[PlyCount "192"]
[TimeControl "720+1"]

1. e4 c5 2. Nf3 Nc6 3. Nc3 g6 4. d4 cxd4 5. Nxd4 Bg7 6. Be3 Nf6 7. Bc4 O-O 
8. Bb3 d6 9. f3 Qa5 10. O-O Qc7 11. Ndb5 Qd8 12. a4 a6 13. Na3 Nd7 14. Bd5 Nb4 
15. Re1 Nxd5 16. exd5 Ne5 17. h3 Qc7 18. Qd2 Bf5 19. Bd4 Rfc8 20. Kh2 Rab8 
21. a5 Qxa5 22. f4 Nd3 23. Nab5 Qd8 24. cxd3 axb5 25. Nxb5 Bf6 26. Qe3 h5 
27. Re2 Qd7 28. Nc3 Rc7 29. Bb6 Rcc8 30. Bd4 Rc7 31. Rae1 Rbc8 32. Kg3 Rf8 
33. Ra1 Rfc8 34. Rd2 b5 35. Bxf6 exf6 36. Qb6 Qe7 37. Re2 Qd7 38. Ne4 Bxe4 
39. dxe4 Rb7 40. Qf2 Kg7 41. Ra6 Qe7 42. Kf3 Rc4 43. Qe3 Ra4 44. Rc6 Rba7 
45. g4 Ra8 46. g5 fxg5 47. fxg5 Kg8 48. Qf4 R4a6 49. Rxa6 Rxa6 50. Qf6 Qd7 
51. Kg2 Ra1 52. e5 dxe5 53. Qxe5 Kh7 54. Rd2 Kg8 55. Rd3 Qa7 56. Qe8+ Kg7 
57. Qe5+ Kh7 58. Qe3 Qd7 59. Qe5 b4 60. d6 Kg8 61. Re3 Qc6+ 62. Kg3 Qh1 
63. Kh4 Qf1 64. Re4 Re1 65. Rf4 Qxh3+ 66. Kxh3 Rxe5 67. Rd4 Re8 68. Rxb4 Re3+ 
69. Kh4 Rd3 70. Rb8+ Kg7 71. Rd8 Rd4+ 72. Kg3 Rg4+ 73. Kf3 Rxg5 74. Ke4 Rg1 
75. Rc8 Rd1 76. Ke5 h4 77. b4 h3 78. Rc2 g5 79. Rh2 Rd3 80. b5 g4 81. b6 f6+ 
82. Ke6 g3 83. Rxh3 g2 84. Rxd3 g1=Q 85. b7 Qb1 86. Rg3+ Kf8 87. d7 Qb6+ 
88. Kf5 Qd6 89. Ke4 Qe5+ 90. Kf3 Qb8 91. Ke2 Ke7 92. d8=Q+ Qxd8 93. Rb3 Qb8 
94. Kf3 Kd6 95. Rb1 f5 96. Rb3 f4 1/2-1/2

[Event "Sunday 01 April Rapid Engine Tour 12+1 Rounds 9 Starts 1600ST"]
[Site "Infinity Chess"]
[Date "2018.4.1"]
[Round "5"]
[White "KQRBNP"]
[Black "angriff"]
[Result "1/2-1/2"]
[ECO "C77"]
[WhiteElo "2406"]
[BlackElo "2385"]
[WhiteEngine "Eman 1.70-beta12 64-bit POPCNT"]
[BlackEngine "DracoREX 3.07 64BIT POPCNT_CTG"]
[EventType "Swiss"]
[WhiteTeam ""]
[BlackTeam ""]
[PlyCount "174"]
[TimeControl "720+1"]

1. e4 e5 2. Nf3 Nc6 3. Bb5 a6 4. Ba4 Nf6 5. O-O Be7 6. Re1 b5 7. Bb3 O-O 
8. a4 b4 9. a5 d6 10. d3 Be6 11. Bxe6 fxe6 12. Nbd2 Qe8 13. Nc4 Rb8 14. c3 Qg6 
15. h3 bxc3 16. bxc3 Nh5 17. Kh1 Rb5 18. Be3 Rfb8 19. Kg1 h6 20. Ncd2 Bf6 
21. Qa4 Nf4 22. Bxf4 exf4 23. d4 Qe8 24. Qc4 Kh8 25. Rec1 Kg8 26. Qd3 Qf7 
27. Rd1 Kh8 28. Qc4 Qe8 29. Qe2 e5 30. d5 Nd8 31. c4 Rb4 32. c5 Nb7 
33. cxd6 cxd6 34. Qxa6 Qd8 35. Ne1 Ra8 36. Qf1 Nxa5 37. Nd3 Rb7 38. Rdb1 Qc8 
39. Rc1 Qd7 40. Rc4 Rba7 41. Rca4 Bd8 42. Qb1 Kh7 43. Kh2 Qc8 44. Qb2 Rb8 
45. Qa3 Qc7 46. Rc1 Qe7 47. Qa2 Qd7 48. Ra1 Rba8 49. Qb1 Qc8 50. R4a3 Rb8 
51. Qf1 Rbb7 52. Qd1 Rb5 53. Rc1 Qd7 54. Qg4 Qxg4 55. hxg4 Rab7 56. Rc8 Rb8 
57. Rac3 R5b7 58. Kh3 g5 59. g3 Bb6 60. Rxb8 Rxb8 61. gxf4 gxf4 62. Kg2 Bd8 
63. Nf3 Rb3 64. Rc8 Bb6 65. Rb8 Nc4 66. Rc8 Rxd3 67. Rxc4 Rb3 68. Rc6 Rb2 
69. Rxd6 Rxf2+ 70. Kh1 Rxf3 71. Rxb6 Rg3 72. Re6 f3 73. Rf6 Kg7 74. Rf5 Rxg4 
75. Rxf3 Rxe4 76. d6 Re1+ 77. Kg2 Rd1 78. Kf2 Rxd6 79. Ke3 Rg6 80. Ke4 Rg5 
81. Rb3 h5 82. Rb7+ Kh6 83. Rb6+ Rg6 84. Rb2 Rg3 85. Kxe5 Kg5 86. Ke4 Kg4 
87. Rb7 Rg2 1/2-1/2